 Dungeon Crawl Stone Soup version 0.28.0-45-g0d030f2227 (webtiles) character file.

Game seed: 4653459330034498705

1554 Zeld the Conjurer (level 8, 0/67 HPs)
             Began as a Purple Draconian Conjurer on Apr 14, 2022.
             Was a Follower of Qazlal.
             Killed from afar by an electric eel (11 damage)
             ... with a bolt of electricity
             ... on level 7 of the Dungeon.
             The game lasted 00:11:03 (8761 turns).

Zeld the Conjurer (Purple Draconian Conjurer)       Turns: 8761, Time: 00:11:04

Health: 0/67       AC:  6    Str: 10    XL:     8   Next: 57%
Magic:  12/15      EV: 12    Int: 21    God:    Qazlal [*.....]
Gold:   255        SH:  1    Dex:  9    Spells: 3/17 levels left

rFire   . . .      SeeInvis .   (no weapon)
rCold   . . .      Faith    .   (no shield)
rNeg    . . .      Spirit   .   (armour unavailable)
rPois   .          Reflect  .   (helmet restricted)
rElec   .          Harm     .   u - scarf {repulsion}
rCorr   .          Rampage  .   (no gloves)
Will    +....                   (no boots)
Stlth   ++........              (no amulet)
HPRegen 0.21/turn               (no ring)
MPRegen 0.14/turn               (no ring)

@: repel missiles
A: breathe power, AC +6, unfitting armour, cold-blooded
a: Breathe Dispelling Energy, Renounce Religion


You were on level 7 of the Dungeon.
You worshipped Qazlal.
Qazlal was aware of your devotion.
You visited 2 branches of the dungeon, and saw 8 of its levels.

You collected 255 gold pieces.

Inventory:

Armour
 u - a scarf of repulsion (worn)
Jewellery
 i - a ring of protection from cold
Wands
 k - a wand of charming (10)
 s - a wand of flame (33)
 t - a wand of digging (5)
Scrolls
 c - 6 scrolls of teleportation {unknown}
 d - 3 scrolls of fear {unknown}
 e - a scroll of vulnerability {unknown}
 f - 2 scrolls of fog {unknown}
 h - 2 scrolls of blinking {unknown}
 l - a scroll of magic mapping {unknown}
 m - 2 scrolls of torment {unknown}
 n - a scroll of immolation {unknown}
 r - a scroll of identify {unknown}
 v - a scroll of enchant weapon {unknown}
Potions
 a - 3 potions of brilliance {unknown}
 b - a potion of mutation {unknown}
 g - 3 potions of flight {unknown}
 j - 2 potions of heal wounds {unknown}
 o - 2 potions of attraction {unknown}
 p - 2 potions of haste {unknown}
 q - a potion of might {unknown}
 w - a potion of magic {unknown}
 x - a potion of berserk rage {unknown}


   Skills:
 + Level 4.7 Fighting
 + Level 3.3 Dodging
 - Level 2.0 Stealth
 + Level 5.3 Spellcasting
 * Level 7.5 Conjurations
 - Level 2.0 Hexes
 - Level 2.0 Translocations
 + Level 2.3 Invocations
 + Level 3.0 Evocations


You had 3 spell levels left.
You knew the following spells:

 Your Spells              Type           Power      Damage    Failure   Level
a - Magic Dart            Conj           100%       1d8       1%          1
b - Searing Ray           Conj           74%        2d7       1%          2
c - Dazzling Flash        Conj/Hex       50%        N/A       4%          3
d - Fulminant Prism       Conj/Hex       12%        3d9       14%         4
e - Iskenderun's Mystic   Conj/Tloc      25%        2d7       14%         4

Your spell library contained the following spells:

 Spells                   Type           Power      Damage    Failure   Level
 Chain Lightning          Conj/Air       10%        3d14      100%        9
 Fire Storm               Conj/Fire      10%        8d3       100%        9
 Shatter                  Erth           2%         3d6*      100%        9


Dungeon Overview and Level Annotations

Branches:
Dungeon (7/15)             Temple (1/1) D:4

Altars:
Ashenzari
Cheibriados
Dithmenos
Fedhas
Gozag
Hepliaklqana
Kikubaaqudgha
Nemelex Xobeh
Okawaru
Qazlal
Ru
Sif Muna
Trog
Uskayaw
Vehumet
Wu Jian
Xom
Yredelemnul
Zin
The Shining One

Shops:
D:6 [


Innate Abilities, Weirdness & Mutations

You can breathe bolts of dispelling energy.
Your rich purple scales are hard. (AC +6)
You cannot fit into any form of body armour.
You are cold-blooded and may be slowed by cold attacks.


Message History

Press: ? - help, Shift-Dir - straight line, f - electric eel
Aim: an electric eel (68% to hit)
The searing ray hits the plant!
The plant is lightly damaged.
The searing ray hits the plant.
The plant begins to die.
The plant is lightly damaged.
The searing ray hits the electric eel.
The electric eel is moderately wounded. (Press . to maintain the ray.)
A nearby plant withers and dies.
The searing ray hits the plant!
The plant is lightly damaged.
A nearby plant withers and dies.
The electric eel shoots out a bolt of lightning at you!
The bolt of electricity hits the plant!
The bolt of electricity hits you!
Casting: Searing Ray (safe; 1% risk of failure)
Confirm with . or Enter, or press ? or * to list all spells.
You can't see any susceptible monsters within range! (Use Z to cast anyway.)
An electric eel comes into view.
Casting: Searing Ray (safe; 1% risk of failure)
Confirm with . or Enter, or press ? or * to list all spells.
Aiming: Searing Ray (safe; 1% risk of failure)
Press: ? - help, Shift-Dir - straight line, f/p - electric eel
Aim: an electric eel (moderately wounded, 68% to hit)
Okay, then.
A nearby plant withers and dies.
The electric eel shoots out a bolt of lightning at you!
The bolt of electricity hits you!
The electric eel shoots out a bolt of lightning at you!
The bolt of electricity hits you!
The electric eel shoots out a bolt of lightning at you!
The bolt of electricity hits you!
* * * LOW HITPOINT WARNING * * *
The electric eel shoots out a bolt of lightning at you!
The bolt of electricity hits you!
* * * LOW HITPOINT WARNING * * *
Okay, then.
The electric eel shoots out a bolt of lightning at you!
The bolt of electricity hits you!
You die...

......####...................
.......###...................
......................#......
.............)........##.....
...................♣≈≈♣♣.....
..................♣≈PPP≈P.♣≈Z
..........##.....♣≈≈≈≈≈P≈.≈≈♣
....###..####...♣≈P≈≈≈≈≈≈.
#........# #...@≈≈≈≈S≈≈≈.
##.......# #.....≈≈≈≈≈≈≈.
#.....#..# #.....≈≈≈≈P≈≈.
......##. #.....≈♣♣♣≈≈≈.
.......# #......≈♣ S≈.
.......... #.......♣ ≈.
..#####... ......(..≈ . ###
..# ##......≈♣♣ .# ..


You could see 2 electric eels.

Vanquished Creatures
  Grinder (D:5)
  An orc warrior (D:6)
  A sky beast (D:6)
  An ogre (D:4)
  A kobold brigand (D:4)
  2 bullfrogs (D:7)
  A gnoll sergeant (D:5)
  2 howler monkeys
  4 jellies
  Crazy Yiuf (D:5)
  A bullfrog zombie (D:5)
  A hound (D:7)
  A gnoll shaman (D:5)
  A bullfrog skeleton (D:6)
  2 centaur skeletons
  Jessica (D:2)
  2 iguanas
  4 orc wizards
  6 gnolls (D:5)
  4 adders
  A shadow imp (D:6)
  A white imp (D:7)
  An ufetubus (D:6)
  An adder skeleton (D:4)
  2 worms (D:4)
  3 dart slugs
  18 orcs
  12 ball pythons
  9 endoplasms
  5 giant cockroaches
  7 goblins
  8 hobgoblins
  5 quokkas
  6 bats
  A frilled lizard (D:1)
  9 kobolds
  9 rats
136 creatures vanquished.

Vanquished Creatures (others)
  6 demonic plants (D:3)
  A fulminant prism (D:5)
  A fungus (D:3)
  11 plants
  A withered plant (D:3)
20 creatures vanquished.

Grand Total: 156 creatures vanquished

Notes
Turn   | Place    | Note
-------+----------+-------------------------------------------
     0 | D:1      | Zeld the Draconian Conjurer began the quest for the Orb.
     0 | D:1      | Reached XP level 1. HP: 14/14 MP: 3/3
   212 | D:1      | Reached XP level 2. HP: 20/22 MP: 0/5
   225 | D:1      | Learned a level 2 spell: Searing Ray
   937 | D:1      | Reached skill level 1 in Fighting
  1355 | D:1      | Reached XP level 3. HP: 28/28 MP: 4/6
  1936 | D:2      | Noticed Jessica
  1937 | D:2      | Killed Jessica
  1938 | D:2      | Reached XP level 4. HP: 36/36 MP: 5/7
  2540 | D:3      | Reached skill level 5 in Conjurations
  3420 | D:3      | Found a faded altar of an unknown god.
  3804 | D:4      | Reached XP level 5. HP: 27/41 MP: 3/9
  4327 | D:4      | Noticed an ogre
  4332 | D:4      | Killed an ogre
  4333 | D:4      | Reached skill level 6 in Conjurations
  4333 | D:4      | Reached XP level 6. HP: 49/51 MP: 4/11
  4339 | D:4      | Learned a level 4 spell: Fulminant Prism
  4344 | D:4      | Learned a level 4 spell: Iskenderun's Mystic Blast
  4425 | D:4      | Found a staircase to the Ecumenical Temple.
  5035 | D:5      | Entered Level 5 of the Dungeon
  5122 | D:5      | Reached skill level 1 in Translocations
  5363 | D:5      | Noticed Grinder
  5381 | D:5      | Your scales start taking on a rich purple colour.
  5381 | D:5      | Reached skill level 1 in Hexes
  5381 | D:5      | Reached skill level 1 in Evocations
  5381 | D:5      | Reached XP level 7. HP: 42/57 MP: 2/13
  5401 | Temple   | Entered the Ecumenical Temple
  5506 | Temple   | Became a worshipper of Qazlal Stormbringer
  5647 | D:5      | Killed Grinder
  5918 | D:5      | Learned a level 3 spell: Dazzling Flash
  7174 | D:5      | Found a runed translucent door.
  7175 | D:5      | Noticed Crazy Yiuf
  7182 | D:5      | Killed Crazy Yiuf
  7183 | D:5      | Reached skill level 1 in Invocations
  7183 | D:5      | Reached XP level 8. HP: 66/66 MP: 6/15
  7394 | D:6      | Reached skill level 7 in Conjurations
  7560 | D:6      | Reached skill level 5 in Spellcasting
  7697 | D:6      | Found Ininaso's Armour Shoppe.
  8274 | D:7      | Reached * piety under Qazlal
  8761 | D:7      | Killed from afar by an electric eel

Illustrated notes

Levels and vault maps discovered:
D:1:      matt_arrival_diagonals, layout_loops_corners, minmay_surrounded
D:2:      layout_basic, grunt_ministairs_7, uniq_jessica
D:3:      layout_rooms, shapermc_ecumenical_altar_gd
D:4:      layout_rooms, minmay_temple_entry_offerings
D:5:      layout_basic, hangedman_abyss_or_decor_slice, uniq_grinder,
          uniq_crazy_yiuf_cottage
D:6:      layout_loops_ring, serial_shops, nicolae_shop_advertising_works
          [nicolae_subvault_shop_adworks]
D:7:      layout_layer_cave, serial_bayou, serial_bayou_shore_b,
          serial_bayou_lagoon_b, serial_bayou_pond_e, serial_bayou_pond_b,
          serial_bayou_shore_b, st_stairs_1
Temple:   regret_index_temple_chain_breaker

Skill      XL: |  1  2  3  4  5  6  7  8 |
---------------+-------------------------+-----
Stealth        | 2 |  2.0
Dodging        | 2 3 |  3.3
Fighting       | 1 2 3 4 |  4.7
Conjurations   | 5 6 7 |  7.5
Spellcasting   | 3 4 5 |  5.3
Translocations | 1 2 |  2.0
Hexes          | 1 2 |  2.0
Evocations     | 1 2 3 |  3.0
Invocations    | 1 2 |  2.3

Action                   |  1- 3 |  4- 6 |  7- 9 || total
-------------------------+-------+-------+-------++-------
Melee: Unarmed           |    31 |   108 |    11 ||   150
       Tailslap          |     2 |     9 |       ||    11
       Punch             |       |     1 |     1 ||     2
 Cast: Magic Dart        |    72 |   125 |    24 ||   221
       Searing Ray       |       |    17 |    36 ||    53
       Iskenderun's Myst |       |       |     3 ||     3
       Fulminant Prism   |       |       |     1 ||     1
Armor: Skin              |    13 |    70 |    16 ||    99
Dodge: Dodged            |    24 |    70 |    54 ||   148
Block: Other             |       |       |     2 ||     2
